 Dungeon Crawl Stone Soup version 0.30.0-3-ga4e48a9924 (webtiles) character file.

Game seed: 15774485872319885948

173890 NateTC the Slayer (level 17, -2/139 HPs)
             Began as a Gargoyle Fighter on May 7, 2023.
             Was the Champion of Ashenzari.
             Killed from afar by an ice dragon (49 damage)
             ... with a blast of cold
             ... on level 2 of the Shoals.
             The game lasted 01:13:47 (21654 turns).

NateTC the Slayer (Gargoyle Fighter)               Turns: 21654, Time: 01:13:48

Health: -2/139     AC: 45    Str: 28    XL:     17   Next: 77%
Magic:  18/18      EV: 10    Int:  7    God:    Ashenzari [******]
Gold:   1208       SH: 16    Dex:  8    Spells: 8/17 levels left

rFire   + + .        a - +1 morningstar "I Foresaw This" {heavy, Evo, Self} (curse)
rCold   . . .        U - +4 kite shield of Supernal Understanding {Alch, Self} (curse)
rNeg    + + .        d - +6 chain mail "Unveiling Adversity" {*Slow rF++ Regen+ Int-5, Melee, Evo} (curse)
rPois   ∞            P - +2 helmet "Astrological Idealism" {Elem, Range} (curse)
rElec   +            f - scarf "At What Cost Knowledge?" {repulsion, Fort, Cun} (curse)
rCorr   +            u - +1 pair of gloves of the Elysian Augur {Cun, Fort} (curse)
SInv    +            R - +1 pair of boots "Restrained Gnosis" {Elem, Evo} (curse)
Will    +....        H - amulet of Ashenzari's Pessimism {Regen+ rCorr Dex+3, Self, Elem} (curse) Stlth
                     h - ring "Lethargy of Ashenzari" {rN+, Alch, Cun} (curse)
HPRegen 2.03/turn    n - ring of the Stellar Sage {AC+4 Str+2 Int+3 Dex-4, Elem, Cun} (curse)
MPRegen 0.16/turn

%: slow self (1%), repel missiles, clarity
@: flying
A: sickness immunity, AC +12, big wings, negative energy resistance 1,
electricity resistance, torment resistance 1, petrification resistance, weak 1
}: 1/15 runes: serpentine
a: Renounce Religion, Shatter the Chains


You were on level 2 of the Shoals.
You worshipped Ashenzari.
Ashenzari was exalted by your worship.
You visited 5 branches of the dungeon, and saw 23 of its levels.
You also visited: Sewer, Ossuary, Bailey and Volcano.

You collected 2618 gold pieces.
You spent 1410 gold pieces at shops.

Inventory:

Hand Weapons
 a - the cursed +1 morningstar "I Foresaw This" (weapon) {heavy, Evo, Self}
   (You found it on level 5 of the Dungeon)

   It has a curse which improves the following skills: Evocations: Evocations.
   Introspection: Fighting and Spellcasting.
Missiles
 Z - 2 throwing nets (quivered)
Armour
 b - the +4 scale mail of Uclillum {*Slow rPois rN+ Str+9}
   (You found it on level 5 of the Dungeon)

   Str:       It affects your strength (+9).
   rPois:     It protects you from poison.
   rN:        It protects you from negative energy.
   *Slow:     It may slow you when you take damage.
 d - the cursed +6 chain mail "Unveiling Adversity" (worn) {*Slow rF++ Regen+ Int-5, Melee, Evo}
   (You found it in a bailey)

   Int:       It affects your intelligence (-5).
   rF:        It greatly protects you from fire.
   Regen:     It increases your rate of health regeneration.
   *Slow:     It may slow you when you take damage.
   It has a curse which improves the following skills: Melee Combat: Short
   Blades, Long Blades, Axes, Maces & Flails, Polearms, Staves and Unarmed
   Combat.
   Evocations: Evocations.
 f - the cursed scarf "At What Cost Knowledge?" (worn) {repulsion, Fort, Cun}
   (You found it on level 1 of the Dungeon)

   It has a curse which improves the following skills: Fortitude: Armour and
   Shields.
   Cunning:   Dodging and Stealth.
 u - the cursed +1 pair of gloves of the Elysian Augur (worn) {Cun, Fort}
   (You found it on level 4 of the Dungeon)

   It has a curse which improves the following skills: Cunning: Dodging and
   Stealth.
   Fortitude: Armour and Shields.
 P - the cursed +2 helmet "Astrological Idealism" (worn) {Elem, Range}
   (You found it on level 9 of the Dungeon)

   It has a curse which improves the following skills: Elements: Fire Magic, Ice
   Magic, Air Magic and Earth Magic.
   Ranged Combat: Ranged Weapons and Throwing.
 R - the cursed +1 pair of boots "Restrained Gnosis" (worn) {Elem, Evo}
   (You bought it in a shop on level 7 of the Dungeon)

   It has a curse which improves the following skills: Elements: Fire Magic, Ice
   Magic, Air Magic and Earth Magic.
   Evocations: Evocations.
 S - a +1 tower shield
 U - the cursed +4 kite shield of Supernal Understanding (worn) {Alch, Self}
   (You took it off a naga warrior on level 1 of the Snake Pit)

   It has a curse which improves the following skills: Alchemy: Poison Magic and
   Transmutations.
   Introspection: Fighting and Spellcasting.
Jewellery
 c - a ring of fire
 h - the cursed ring "Lethargy of Ashenzari" (left hand) {rN+, Alch, Cun}
   (You found it on level 1 of the Dungeon)

   [ring of positive energy]

   rN:        It protects you from negative energy.
   It has a curse which improves the following skills: Alchemy: Poison Magic and
   Transmutations.
   Cunning:   Dodging and Stealth.
 n - the cursed ring of the Stellar Sage (right hand) {AC+4 Str+2 Int+3 Dex-4, Elem, Cun}
   (You found it on level 2 of the Dungeon)

   [ring of protection]

   AC:        It affects your AC (+4).
   Str:       It affects your strength (+2).
   Int:       It affects your intelligence (+3).
   Dex:       It affects your dexterity (-4).
   It has a curse which improves the following skills: Elements: Fire Magic, Ice
   Magic, Air Magic and Earth Magic.
   Cunning:   Dodging and Stealth.
 H - the cursed amulet of Ashenzari's Pessimism (around neck) {Regen+ rCorr Dex+3, Self, Elem}
   (You found it on level 7 of the Dungeon)

   [amulet of regeneration]

   Dex:       It affects your dexterity (+3).
   Regen:     It increases your rate of health regeneration.
   rCorr:     It protects you from acid and corrosion.
   It has a curse which improves the following skills: Introspection: Fighting
   and Spellcasting.
   Elements:  Fire Magic, Ice Magic, Air Magic and Earth Magic.
 K - a ring of magical power
 M - the amulet of Nobauddou {Reflect Dex+3 SH+5}
   (You found it on level 8 of the Dungeon)

   [amulet of reflection]

   It reflects blocked missile attacks.
   Dex:       It affects your dexterity (+3).
   SH:        It affects your SH (+5).
Wands
 o - a wand of digging (11)
 y - a wand of polymorph (9)
 D - a wand of charming (21)
 J - a wand of flame (44)
 X - a wand of iceblast (4)
 Y - a wand of mindburst (1)
Scrolls
 e - 5 scrolls of amnesia
 i - a scroll of silence
 j - 11 scrolls of teleportation
 p - 4 scrolls of magic mapping
 q - 5 scrolls of fog
 x - 7 scrolls of blinking
 G - 3 scrolls of poison
 I - 6 scrolls of fear
 T - a scroll of butterflies
Potions
 g - 3 potions of degeneration
 k - 6 potions of flight
 l - 9 potions of magic
 m - 7 potions of invisibility
 r - 5 potions of brilliance
 s - 3 potions of ambrosia
 t - 4 potions of haste
 v - a potion of berserk rage
 w - 4 potions of mutation
 A - 6 potions of heal wounds
 B - 8 potions of attraction
 C - 2 potions of might
 E - a potion of lignification
 F - 3 potions of cancellation
 L - 8 potions of curing
 O - a potion of resistance
Miscellaneous
 z - a lightning rod (4/4)
 N - a tin of tremorstones (2/2)
 W - a phantom mirror


   Skills:
 - Level 24.0(27) Fighting
 - Level 14.7(17.1) Maces & Flails
 - Level 11.2(14.8) Armour
 - Level 2.3(6.4) Dodging
 * Level 11.9(15.4) Shields
 - Level 9.9 Translocations
 - Level 8.1(12.8) Evocations


You had 8 spell levels left.
You knew the following spells:

 Your Spells              Type           Power      Damage    Failure   Level
a - Manifold Assault      Tloc           14%        N/A       30%         4
b - Yara's Violent Unrav  Hex/Tmut       0%         3d3       100%        5

Your spell library contained the following spells:

 Spells                   Type           Power      Damage    Failure   Level
 Blink                    Tloc           28%        N/A       4%          2
 Lesser Beckoning         Tloc           28%        N/A       4%          2
 Passage of Golubria      Tloc           14%        N/A       30%         4
 Momentum Strike          Conj/Tloc      14%        3d8       34%         2
 Volatile Blastmotes      Fire/Tloc      14%        2d11      50%         3
 Freeze                   Ice            4%         1d3       77%         1
 Beastly Appendage        Tmut           0%         N/A       82%         1
 Shock                    Conj/Air       0%         1d3       83%         1
 Slow                     Hex            0%         N/A       87%         1
 Scorch                   Fire           2%         2d5       88%         2
 Wereblood                Tmut           0%         N/A       91%         2
 Iskenderun's Mystic Bla  Conj/Tloc      7%         2d4       93%         4
 Frozen Ramparts          Ice            2%         1d1       98%         3
 Ozocubu's Armour         Ice            1%         N/A       98%         3
 Swiftness                Air            1%         N/A       98%         3
 Confusing Touch          Hex            0%         N/A       99%         3
 Dazzling Flash           Conj/Hex       0%         N/A       99%         3
 Hailstorm                Conj/Ice       0%         3d3       99%         3
 Ignite Poison            Fire/Tmut/Pois 1%         N/A       99%         3
 Spider Form              Tmut/Pois      0%         N/A       99%         3
 Tukima's Dance           Hex            0%         N/A       99%         3
 Vampiric Draining        Necr           0%         2d6       99%         3
 Dispersal                Tloc           7%         N/A       99%         6
 Airstrike                Air            0%         2d(1-17)  100%        4
 Animate Dead             Necr           0%         N/A       100%        4
 Flame Wave               Conj/Fire      0%         2d4       100%        4
 Sticky Flame             Conj/Fire      0%         2d3       100%        4
 Freezing Cloud           Conj/Ice/Air   0%         6-21      100%        5
 Summon Forest            Summ/Tloc      3%         N/A       100%        5
 Summon Mana Viper        Hex/Summ       0%         N/A       100%        5
 Plasma Beam              Fire/Air       0%         2x1d11    100%        6
 Starburst                Conj/Fire      0%         6d3       100%        6
 Summon Cactus Giant      Summ           0%         N/A       100%        6
 Haunt                    Necr/Summ      0%         N/A       100%        7
 Ozocubu's Refrigeration  Ice            0%         4d7       100%        7
 Disjunction              Tloc           7%         N/A       100%        8
 Ignition                 Fire           0%         3d3       100%        8
 Infestation              Necr           0%         N/A       100%        8
 Maxwell's Capacitive Co  Air            0%         ∞         100%        8
 Cigotuvi's Dreadful Rot  Necr/Pois/Air  Unusable   N/A       N/A         2

Dungeon Overview and Level Annotations

Branches:
Dungeon (11/15) Zot: 26117  Temple (1/1) D:4 Zot: 5715    Lair (5/5) D:11 Zot: 25358
 Shoals (2/4) Lair:2 Zot: 10873   Snake (4/4) Lair:3 Zot: 18595   Slime (0/5) Lair:4
  Sewer (visited)         Ossuary (visited)          Bailey (visited)
Volcano (visited)
    Orc: D:9-12

Altars:
Ashenzari
Cheibriados
Dithmenos
Elyvilon
Fedhas
Gozag
Hepliaklqana
Kikubaaqudgha
Makhleb
Nemelex Xobeh
Okawaru
Qazlal
Ru
Sif Muna
Trog
Uskayaw
Vehumet
Wu Jian
Xom
Yredelemnul
Zin
The Shining One
Jiyva

Shops:
D:3 ?   D:7 [   Snake:1 **   Snake:2 ***

Annotations:
D:5 3 runed translucent doors, Dumps's ghost, novice MiBe
D:7 1 runed translucent door, Crazy Yiuf
D:11 1 transporter


Innate Abilities, Weirdness & Mutations

You are immune to sickness and miasma.
Your stone body is resilient. (AC +12)
You are immune to poison.
Your large and strong wings let you fly.
You resist negative energy. (rN+)
You are resistant to electric shocks. (rElec)
You are resistant to unholy torment.
You are immune to petrification.
You are weak. (Str -2)


Message History

You miss the wind drake.
The wind drake is severely wounded.
The ice dragon breathes frost at you.
The blast of cold hits you but does no damage.
The wind drake bites you. You block the fire dragon's attack. x2
The fire dragon closely misses you.
You hit the wind drake.
The wind drake is severely wounded.
You are engulfed in freezing vapours.
The wind drake misses you.
The ice dragon bites you but does no damage.
You block the ice dragon's attack. x2
The fire dragon bites you but does no damage.
You block the fire dragon's attack.
The fire dragon tramples you but does no damage.
The wind drake exhales a fierce blast of wind!
You are knocked back by the gust of wind.
The fire dragon is knocked back by the gust of wind.
You puncture the ice dragon!
The ice dragon is almost dead.
You are engulfed in freezing vapours.
The ice dragon breathes frost at you. The blast of cold hits you!!
You pound the wind drake like an anvil!!!
You kill the wind drake!
You block the ice dragon's attack.
The ice dragon claws you but does no damage.
You block the ice dragon's attack. The fire dragon breathes flames at you.
The blast of flame hits you. You resist.
The fire dragon attacks as you move away!
The fire dragon bites you. You block the fire dragon's attack.
The fire dragon tramples you but does no damage.
You block the ice dragon's attack.
The ice dragon claws you but does no damage.
The ice dragon tramples you!
You hold your ground!
You hit the ice dragon.
The ice dragon is almost dead.
The ice dragon breathes frost at you. The blast of cold hits you!!!
You die...

############################## ~
≈≈≈≈≈≈≈≈≈≈≈≈≈≈≈§≈≈≈≈≈≈≈≈≈≈≈≈≈≈~~~
≈≈≈≈≈≈≈≈≈≈≈≈≈§≈§§D≈≈≈≈≈≈≈≈≈≈≈≈~
≈≈≈≈≈≈≈≈≈≈≈≈≈≈≈≈@D≈≈≈≈≈≈≈≈≈≈≈≈
≈≈≈≈≈≈≈≈≈≈≈≈≈≈≈≈≈≈≈≈≈≈≈≈≈≈≈≈≈≈ ~
≈≈≈≈≈≈≈≈≈≈≈≈≈≈≈≈≈≈≈≈≈≈≈≈≈≈≈.≈.,
~~≈≈≈≈≈≈≈≈≈≈≈≈≈≈≈≈≈≈≈≈≈≈≈≈≈..P, ,
.~~≈~~~~≈≈≈≈≈≈≈≈≈≈≈≈≈≈≈≈≈≈≈≈PP ,
.~~≈≈~~~~≈≈≈~~~~~~~~≈≈≈≈≈≈P... ,
~~~~~~.~~≈~~~~~~~~~~≈≈≈≈≈≈≈≈PP,,
.~~~~~~~~~~~~~~~~~~~≈≈≈≈≈≈≈..P ,,
~.~~~..~~~~.......~~≈≈≈≈≈≈≈.≈.,


You could see a fire dragon and an ice dragon (catching breath).

Vanquished Creatures
  Vashnia (Snake:2)
  4 nagarajas
  The ghost of Icun the Thaumaturge, a journeyman GnWr of Okawaru (Snake:2)
  An elemental wellspring (Shoals:1)
  Snorg (Lair:3)
  A merfolk impaler (Shoals:1)
  Josephine (D:10)
  A merfolk javelineer (Shoals:1)
  6 salamander tyrants
  3 hydras
  A catoblepas (Lair:3)
  6 two-headed ogres
  13 anacondas
  12 naga warriors
  An orc high priest (Bailey)
  22 naga sharpshooters
  7 shock serpents
  6 skysharks
  5 salamander mystics
  4 sea snakes
  2 lindwurms
  An obsidian statue (Snake:2)
  16 naga ritualists
  A deep elf pyromancer (D:10)
  3 harpies (Shoals:1)
  16 mana vipers
  An orc knight (D:11)
  An ugly thing (D:10)
  2 cyclopes
  A wolf spider (Lair:5)
  21 salamanders
  3 manticores (Shoals:1)
  3 merfolk sirens (Shoals:1)
  6 water nymphs (Shoals:1)
  15 elephants
  7 guardian serpents
  17 naga magi
  40 black mambas
  17 cane toads
  A kobold demonologist (Bailey)
  An unseen horror (D:10)
  8 komodo dragons
  3 rime drakes
  7 merfolk
  4 trolls
  4 hornets
  3 wind drakes
  6 snapping turtles
  5 dream sheep (Lair:3)
  30 blink frogs
  4 wraiths
  33 yaks
  4 fire bats
  2 shadows (D:9)
  2 basilisks
  16 wyverns
  A vampire mosquito (D:8)
  3 redbacks (Lair:5)
  Edmund (D:5)
  59 nagas
  Menkaure (D:4)
  21 water moccasins
  2 hell hounds (Volcano)
  Duvessa (D:4)
  A sky beast (D:6)
  A swamp drake (D:11)
  23 orc warriors
  4 black bears
  An ice beast (D:5)
  2 ogres
  5 centaurs
  19 wolves
  2 phantoms
  Blork the orc (D:6)
  A kobold brigand (D:9)
  11 bullfrogs
  4 elf zombies (Ossuary)
  2 gnoll sergeants
  4 scorpions
  5 wights (D:9)
  Dowan (D:4)
  14 killer bees
  4 electric eels (Bailey)
  2 centaur zombies (Ossuary)
  4 hounds
  5 jellies
  A gnoll bouda (D:9)
  2 human zombies (Ossuary)
  11 orc priests
  4 iguanas
  An iron imp (D:9)
  A sleepcap (D:4)
  Natasha (thrice) (D:4)
  Terence (D:2)
  10 orc wizards
  3 mummies (Ossuary)
  21 gnolls
  9 adders
  A shadow imp (D:6)
  3 white imps
  An ufetubus (D:7)
  2 adder zombies (Ossuary)
  2 worms
  5 dart slugs
  44 orcs
  6 bats
  14 endoplasms
  12 giant cockroaches
  2 gnoll zombies (Ossuary)
  23 goblins
  12 hobgoblins
  2 jackals (D:1)
  11 quokkas
  19 ball pythons
  13 frilled lizards
  4 goblin zombies (Ossuary)
  4 hobgoblin zombies (Ossuary)
  3 jackal zombies (Ossuary)
  13 kobolds
  4 kobold zombies (Ossuary)
  4 orc zombies (Ossuary)
  3 quokka zombies (Ossuary)
  3 rats
  3 rat zombies (Ossuary)
888 creatures vanquished.

Vanquished Creatures (others)
  A two-headed ogre (Volcano)
  A basilisk (D:11)
  A centaur (Volcano)
  An orc wizard (D:7)
  23 fungi
  33 plants
  3 toadstools (D:3)
63 creatures vanquished.

Grand Total: 951 creatures vanquished

Notes
Turn   | Place    | Note
-------+----------+-------------------------------------------
     0 | D:1      | NateTC the Gargoyle Fighter began the quest for the Orb.
     0 | D:1      | Reached XP level 1. HP: 14/14 MP: 1/1
   114 | D:1      | Reached XP level 2. HP: 19/20 MP: 2/2
   229 | D:1      | Reached skill level 4 in Fighting
   348 | D:1      | Reached XP level 3. HP: 24/24 MP: 3/3
   965 | D:2      | Reached XP level 4. HP: 18/30 MP: 4/4
  1335 | D:2      | Noticed Terence
  1338 | D:2      | Killed Terence
  1468 | D:2      | Identified the ring "Fakov" {AC+4 Str+2 Int+3 Dex-4}
  1655 | D:3      | Reached XP level 5. HP: 34/34 MP: 5/5
  1780 | D:3      | Found Peateuc's Magic Scroll Boutique.
  1799 | D:3      | Bought a scroll of teleportation for 39 gold pieces
  1799 | D:3      | Bought a scroll of teleportation for 39 gold pieces
  1965 | D:3      | Found a shadowy altar of Dithmenos.
  2310 | D:3      | Found a hazy altar of Hepliaklqana.
  2675 | D:4      | Reached XP level 6. HP: 38/40 MP: 6/6
  2749 | D:4      | Noticed Menkaure
  2758 | D:4      | Killed Menkaure
  2769 | D:4      | Reached skill level 5 in Armour
  2769 | D:4      | Reached skill level 5 in Shields
  2924 | D:4      | Reached XP level 7. HP: 44/44 MP: 7/7
  2938 | D:4      | Found a glowing drain.
  3025 | Sewer    | Entered a sewer
  3254 | Sewer    | Reached skill level 5 in Maces & Flails
  3420 | D:4      | Noticed Natasha
  3420 | D:4      | Noticed Dowan
  3424 | D:4      | Noticed Duvessa
  3432 | D:4      | Killed Natasha
  3433 | D:4      | Killed Dowan
  3439 | D:4      | Killed Duvessa
  3440 | D:4      | Reached skill level 1 in Evocations
  3440 | D:4      | Reached XP level 8. HP: 29/48 MP: 8/8
  3628 | D:4      | Found a staircase to the Ecumenical Temple.
  3638 | Temple   | Entered the Ecumenical Temple
  3899 | Temple   | Became a worshipper of Ashenzari the Shackled
  3942 | D:4      | Noticed Natasha
  3946 | D:4      | Killed Natasha
  4113 | D:4      | Noticed Natasha
  4121 | D:4      | Killed Natasha
  4213 | D:5      | Entered Level 5 of the Dungeon
  4213 | D:5      | Noticed Edmund
  4215 | D:5      | Found a glowing silver altar of Zin.
  4277 | D:5      | Killed Edmund
  4278 | D:5      | Reached skill level 5 in Fighting
  4514 | D:5      | Noticed Dumps's ghost (novice MiBe)
  4542 | D:5      | Found a runed translucent gate.
  4542 | D:5      | Found a runed translucent gate.
  4542 | D:5      | Found a runed translucent gate.
  4650 | D:5      | Identified the +4 scale mail of Uclillum {*Slow rPois rN+
                  | Str+9}
  4821 | D:6      | Reached skill level 6 in Fighting
  4826 | D:6      | Reached XP level 9. HP: 41/55 MP: 9/9
  4840 | D:6      | Identified the +4 chain mail of the Six Ears {Dex+2}
  4881 | D:6      | Found a sand-covered staircase.
  4891 | Ossuary  | Entered an ossuary
  5175 | D:6      | Reached skill level 7 in Fighting
  5248 | D:6      | Found a sacrificial altar of Ru.
  5264 | D:6      | Reached skill level 10 in Maces & Flails
  5381 | D:6      | Noticed Blork the orc
  5391 | D:6      | Killed Blork the orc
  5582 | D:7      | Identified the amulet of Abiliaf {Regen+ rCorr Dex+3}
  5591 | D:7      | Found Qeikemebru's Armour Shop.
  5694 | D:7      | Reached skill level 8 in Fighting
  5695 | D:7      | Reached XP level 10. HP: 64/64 MP: 10/10
  5718 | D:7      | Found a flagged portal.
  5725 | Bailey   | Entered a bailey
  6052 | Bailey   | Found an iron altar of Okawaru.
  6052 | Bailey   | Noticed an orc high priest
  6052 | Bailey   | Noticed a kobold demonologist
  6057 | Bailey   | Noticed a rust devil
  6065 | Bailey   | Noticed a sixfirhy
  6071 | Bailey   | Noticed a soul eater
  6090 | Bailey   | Killed a kobold demonologist
  6091 | Bailey   | Reached skill level 9 in Fighting
  6091 | Bailey   | Noticed a soul eater
  6105 | Bailey   | Killed an orc high priest
  6175 | Bailey   | Identified the +6 chain mail "Igal" {*Slow rF++ Regen+
                  | Int-5}
  6176 | Bailey   | Identified the +2 robe of the Other Side {+Inv Will+ Int-3}
  6203 | D:7      | Acquired a manual of Fighting
  6306 | D:7      | Found a hide-covered altar of Uskayaw.
  6520 | D:7      | Found a bloodstained altar of Trog.
  6561 | D:7      | Found a runed translucent door.
  6561 | D:7      | Noticed Crazy Yiuf
  6943 | D:8      | Reached XP level 11. HP: 72/72 MP: 11/11
  6960 | D:8      | Reached skill level 10 in Fighting
  7160 | D:8      | Identified the amulet of Nobauddou {Reflect Dex+3 SH+5}
  7256 | D:8      | Noticed a cyclops
  7262 | D:8      | Killed a cyclops
  7734 | D:9      | Noticed a two-headed ogre
  7743 | D:9      | Killed a two-headed ogre
  7744 | D:9      | Reached skill level 11 in Fighting
  7763 | D:9      | Found a stormy altar of Qazlal.
  7785 | D:9      | Reached * piety under Ashenzari
  7916 | D:9      | Found a glowing golden altar of the Shining One.
  8311 | D:9      | Found a sparkling altar of Nemelex Xobeh.
  8418 | D:9      | Reached ** piety under Ashenzari
  8503 | D:9      | Found a snail-covered altar of Cheibriados.
  8590 | D:9      | Found a shimmering blue altar of Sif Muna.
  8745 | D:7      | Bought a +1 pair of boots for 138 gold pieces
  8868 | D:10     | Entered Level 10 of the Dungeon
  8894 | D:10     | Noticed a deep elf pyromancer
  8909 | D:10     | Killed a deep elf pyromancer
  8916 | D:10     | Noticed a two-headed ogre
  8926 | D:10     | Killed a two-headed ogre
  8981 | D:10     | Reached skill level 12 in Fighting
  9370 | D:10     | Noticed a red ugly thing
  9370 | D:10     | Noticed a two-headed ogre
  9374 | D:10     | Noticed a cyclops
  9376 | D:10     | Killed a two-headed ogre
  9378 | D:10     | Noticed a two-headed ogre
  9415 | D:10     | Reached XP level 12. HP: 75/84 MP: 12/12
  9421 | D:10     | Killed a two-headed ogre
  9425 | D:10     | Reached skill level 13 in Fighting
  9551 | D:10     | Noticed Josephine
  9556 | D:10     | Killed Josephine
  9734 | D:11     | Reached skill level 14 in Fighting
  9779 | D:11     | Found a transporter.
  9785 | D:11     | Reached *** piety under Ashenzari
  9953 | D:11     | Reached skill level 15 in Fighting
  9988 | D:11     | Found a staircase to the Lair.
 10528 | Lair:1   | Entered Level 1 of the Lair of Beasts
 10536 | Lair:1   | Reached skill level 16 in Fighting
 10551 | Lair:1   | You fall into a shaft and drop 1 floor!
 10709 | Lair:2   | Reached skill level 17 in Fighting
 10747 | Lair:2   | Noticed an eight-headed hydra
 10751 | Lair:2   | Killed an eight-headed hydra
 10752 | Lair:2   | Reached XP level 13. HP: 100/100 MP: 13/13
 10762 | Lair:2   | Reached skill level 18 in Fighting
 10889 | Lair:2   | Found a staircase to the Shoals.
 10900 | Lair:2   | Reached **** piety under Ashenzari
 12230 | Lair:3   | Noticed Snorg
 12238 | Lair:3   | Killed Snorg
 12299 | Lair:3   | Found a dark tunnel.
 12331 | Volcano  | Entered a volcano
 12717 | Lair:3   | Reached skill level 10 in Armour
 12745 | Lair:3   | Found a staircase to the Snake Pit.
 12750 | Lair:3   | Reached skill level 10 in Shields
 12993 | Lair:3   | Gained mutation: Your large and strong wings let you fly.
                  | [Gargoyle growth]
 12993 | Lair:3   | Reached XP level 14. HP: 108/108 MP: 14/14
 13419 | Lair:4   | Found a runed translucent door.
 13421 | Lair:4   | Found a viscous altar of Jiyva.
 13777 | Lair:4   | Found a staircase to the Slime Pits.
 14042 | Lair:5   | Entered Level 5 of the Lair of Beasts
 14166 | Lair:5   | Reached skill level 1 in Dodging
 14387 | Lair:5   | Reached skill level 19 in Fighting
 14917 | Lair:5   | Reached skill level 20 in Fighting
 15210 | Snake:1  | Entered Level 1 of the Snake Pit
 15255 | Snake:1  | Reached ***** piety under Ashenzari
 15472 | Snake:1  | Reached XP level 15. HP: 107/118 MP: 15/15
 15631 | Snake:1  | Found Qead Lei's CLEARANCE SALE!.
 15645 | Snake:1  | Bought a potion of ambrosia for 32 gold pieces
 15710 | Snake:1  | Reached skill level 21 in Fighting
 15996 | Snake:1  | Found Liaf's Assorted Antiques.
 16006 | Snake:1  | Bought a phantom mirror for 1080 gold pieces
 16044 | Snake:1  | Found a sparkling altar of Nemelex Xobeh.
 16149 | Snake:2  | Noticed a nagaraja
 16164 | Snake:2  | Killed a nagaraja
 16179 | Snake:2  | Noticed Vashnia
 16325 | Snake:2  | Killed Vashnia
 16329 | Snake:2  | HP: 1/118 [naga sharpshooter/bolt[Vashnia] (5)]
 16338 | Snake:2  | Reached skill level 5 in Evocations
 16520 | Snake:2  | Found a runed translucent gate.
 16520 | Snake:2  | Found a runed translucent gate.
 16520 | Snake:2  | Found a runed translucent gate.
 16521 | Snake:2  | Found an opulent altar of Gozag.
 16896 | Snake:2  | Found Lehuhos's General Store.
 16897 | Snake:2  | Found Ysorphups's Specific Store.
 16901 | Snake:2  | Bought a scroll of blinking for 82 gold pieces
 16968 | Snake:2  | Noticed a nagaraja
 16979 | Snake:2  | Killed a nagaraja
 17025 | Snake:2  | Identified Daymoir's Precepts of the Lungs
 17082 | Snake:2  | Learned a level 4 spell: Manifold Assault
 17092 | Snake:2  | Reached skill level 1 in Translocations
 17393 | Snake:2  | Reached XP level 16. HP: 124/124 MP: 16/16
 17526 | Snake:2  | Learned a level 5 spell: Yara's Violent Unravelling
 17546 | Snake:2  | Found Howufaena's Assorted Antiques.
 17546 | Snake:2  | Noticed Icun's ghost (journeyman GnWr)
 17555 | Snake:2  | Reached skill level 5 in Translocations
 17604 | Snake:2  | Killed Icun's ghost
 17659 | Snake:2  | Gained mutation: You are weak. (Str -2) [a neqoxec]
 18354 | Snake:3  | Identified the +3 leather armour "Earthly Heaven" {Rampage
                  | Dex+2}
 19124 | Snake:3  | HP: 6/130 [black mamba (4)]
 19287 | Snake:3  | Reached ****** piety under Ashenzari
 19409 | Snake:4  | Entered Level 4 of the Snake Pit
 19473 | Snake:4  | Reached skill level 22 in Fighting
 19676 | Snake:4  | Reached XP level 17. HP: 123/138 MP: 18/18
 20011 | Snake:4  | Reached skill level 23 in Fighting
 20256 | Snake:4  | Got a serpentine rune of Zot
 20542 | Shoals:1 | Entered Level 1 of the Shoals
 20883 | Shoals:1 | Reached skill level 24 in Fighting
 21654 | Shoals:2 | Killed from afar by an ice dragon

Illustrated notes

Levels and vault maps discovered:
D:1:      scummos_arrival_forest, layout_loops_ring
D:2:      layout_basic, uniq_terence
D:3:      layout_loops_corners, nicolae_overflow_crystal_walls,
          grunt_dithmenos_smoke_and_mirrors, serial_shops, shop,
          dk_noncrumbling_2, grunt_ministairs_5, minmay_gold_behind_fungi
D:4:      layout_cave_pods, minmay_temple_entry_statues_fountains,
          gup_sewer_entry_glass, uniq_duvessa, uniq_menkaure, uniq_natasha
D:5:      layout_rooms, amcnicky_altar_gilded, gammafunk_ghost_split,
          uniq_edmund
D:6:      layout_cave_pools, nicolae_ru_sacrificial_ziggurat, enter_ossuary_3,
          grunt_ministairs_7, uniq_blork_the_orc
D:7:      layout_gridville, mainiacjoe_overflow_alcove_1,
          mainiacjoe_overflow_catwalk, serial_shops, nicolae_square_shop,
          enter_bailey_3, uniq_crazy_yiuf_cottage
D:8:      layout_loops_corners, minmay_diamond_spiral
D:9:      layout_basic, mainiacjoe_overflow_tiny_flanked, chei_slow_surprise,
          minitemple, mainiacjoe_overflow_cross_hatched
D:10:     layout_irregular_city, grunt_potential, uniq_josephine
D:11:     layout_loops_ring, erik_lair_dragon, special_room [special_room_orc],
          minmay_misc_feat_x, nicolae_diode_basic
Temple:   minmay_temple_curvy_loop
Lair:1:   layout_chaotic_city, minivault_25
Lair:2:   layout_hall_layers, minmay_shoals_entry_hut, grunt_megastairs_3
Lair:3:   layout_regular_city, nicolae_snake_entry_squirm,
          nicolae_volcano_entry_batcave, serial_bayou_shore_a, uniq_snorg
Lair:4:   layout_cellular_growth, slime_entry_2, minivault_26
Lair:5:   hangedman_lair_tendril_chambers, layout_regular_city
Shoals:1: layout_shoals, nicolae_shoals_spring_well_temple
Shoals:2: argonaut_golden_fleece, layout_shoals, serial_shops,
          nicolae_shop_real_fake_doors, portal_ice_cave_entry_pillars_1
Snake:1:  layout_grid_maze, serial_shops, shop, basic_altar,
          nicolae_shop_clearance
Snake:2:  layout_chambers, ebering_ghost_gozag, drop_trap,
          nicolae_specific_store, nicolae_snake_naga_rites, lemuel_fruit_tree,
          uniq_vashnia
Snake:3:  layout_grid_maze, nicolae_snake_salamander_stairs
Snake:4:  minmay_snake_end_coiled, layout_basic, minmay_snake_pond

Skill      XL: |  1  2  3  4  5  6  7  8  9 10 11 12 13 14 15 16 17 |
---------------+----------------------------------------------------+-----
Fighting       | 4 6 8 9 12 17 18 20 21 22 24 | 24.0
Maces & Flails | 3 6 8 10 12 13 14 | 14.7
Shields        | 4 5 6 7 10 11 | 11.9
Armour         | 4 5 6 7 10 11 | 11.2
Evocations     | 1 2 8 |  8.1
Dodging        | 2 |  2.3
Translocations | 4 9 |  9.9

Action                     |  1- 3 |  4- 6 |  7- 9 | 10-12 | 13-15 | 16-18 || total
---------------------------+-------+-------+-------+-------+-------+-------++-------
  Melee: Flail             |   109 |   180 |   429 |   216 |       |       ||   934
         Morningstar       |       |       |       |   296 |   924 |   848 ||  2068
 Invoke: Curse Item        |       |       |       |     5 |     3 |     3 ||    11
         Shatter the Chain |       |       |       |       |     1 |       ||     1
  Evoke: Lightning rod     |       |       |     2 |       |     4 |       ||     6
         Tin of tremorston |       |       |       |     2 |       |       ||     2
         Wand              |       |       |       |       |     2 |       ||     2
         Phantom mirror    |       |       |       |       |     1 |       ||     1
    Use: Scroll            |     2 |     5 |     8 |     7 |     7 |     3 ||    32
         Potion            |       |     1 |       |     1 |     3 |     1 ||     6
   Stab: Confused          |       |       |       |     2 |       |       ||     2
 Armour: Scale mail        |    67 |    76 |   202 |   156 |       |       ||   501
         Chain mail        |       |    28 |   189 |   247 |  1139 |   707 ||  2310
  Dodge: Dodged            |    60 |    67 |   259 |   283 |   602 |   445 ||  1716
         Repelled          |       |     4 |     1 |     1 |    24 |    46 ||    76
  Block: Buckler           |    20 |    29 |   138 |   200 |   436 |       ||   823
         Kite shield       |       |       |       |       |   404 |  1073 ||  1477
